Map: Pylon LE

Players

Lambo - Winner!

  • Race: Zerg Zerg
  • League: Master
  • Spawn Location: 5:00

Nicoract

  • Race: Terran Terran
  • League: Grandmaster
  • Spawn Location: 11:00

VOD

Have the link to the VOD?

Description

Time

  • Played on: July 18, 2025, 12:32 p.m.
  • Length: 5:03
Show
View Real Time Build Order
Export as new Build Order

Lambo Zerg - Winner!

Build Orders: Hatch First 

Get SALT Encoding   

  12  0:00  Drone  
  13  0:08  Drone  
  14  0:14  Extractor  
  14  0:15  Drone  
  15  0:21  Overlord  
  15  0:40  Drone  
  16  0:44  Hatchery  
  16  0:48  Drone  
  16  0:52  Drone  
  16  0:55  Drone  
  18  1:06  Extractor  
  18  1:10  Spawning Pool  
  16  1:14  Drone  
  16  1:17  Drone  
  18  1:26  Drone  
  19  1:37  Drone  
  20  1:48  Drone  
  21  1:57  Queen x2  
  21  1:58  Zergling x2  
  21  1:59  Zergling x2  
  27  2:06  Drone  
  28  2:09  Overlord  
  28  2:18  Hatchery  
  28  2:21  Drone  
  28  2:27  Spore Crawler  
  28  2:28  Drone  
  28  2:30  Drone  
  28  2:35  Drone  
  30  2:39  Queen  
  30  2:43  Overlord  
  33  2:48  Drone  
  34  2:53  Drone x2  
  36  3:02  Drone  
  36  3:03  Drone, Extractor  
  37  3:06  Drone x5  
  37  3:09  Drone  
  43  3:17  Roach Warren  
  42  3:21  Metabolic Boost  
  42  3:23  Overlord  
  42  3:31  Overlord  
  42  3:40  Overlord  
  42  3:48  Overlord  
  42  3:56  Roach x5  
  42  3:57  Roach x2  
  42  3:59  Roach  
  58  4:05  Roach  
  58  4:07  Roach  
  62  4:13  Zergling x12  
  68  4:24  Zergling x10  
  73  4:32  Zergling x4  
  73  4:35  Overlord  
  75  4:39  Zergling x10  
  75  4:45  Ravager x2  
  87  5:00  Ravager  
Show
View Real Time Build Order
Export as new Build Order

Nicoract Terran 

Build Orders: Reaper Expand, Hellion Banshee 

Get SALT Encoding   

  12  0:00  SCV  
  13  0:12  SCV  
  14  0:17  Supply Depot  
  14  0:24  SCV  
  15  0:38  SCV  
  15  0:40  Barracks  
  16  0:45  Refinery  
  16  0:51  SCV  
  17  1:03  SCV  
  18  1:15  SCV  
  19  1:27  Reaper, Orbital Command  
  20  1:38  Command Center  
  20  1:47  Supply Depot  
  20  1:53  SCV  
  21  1:59  Marine  
  22  2:04  Factory  
  22  2:06  SCV  
  23  2:18  SCV  
  23  2:22  Barracks Reactor  
  24  2:30  SCV  
  25  2:37  Command Center  
  25  2:42  SCV  
  26  2:49  Orbital Command  
  26  2:54  SCV  
  27  3:00  Starport  
  27  3:05  Refinery  
  27  3:06  SCV  
  28  3:13  Hellion x2  
  28  3:15  Barracks Tech Lab  
  28  3:18  SCV  
  33  3:20  SCV  
  34  3:30  SCV  
  34  3:32  SCV  
  36  3:35  Hellion x2  
  40  3:42  SCV  
  40  3:44  SCV, Marine  
  40  3:45  Banshee  
  46  3:51  Orbital Command  
  46  3:55  SCV  
  47  3:56  SCV, Supply Depot  
  48  4:06  Hellion  
  48  4:07  Barracks Tech Lab, Hellion  
  48  4:09  SCV  
  53  4:11  SCV  
  54  4:17  SCV  
  54  4:19  Supply Depot  
  54  4:21  SCV  
  54  4:23  SCV  
  57  4:25  Marine  
  57  4:29  SCV  
  59  4:33  SCV  
  59  4:35  SCV  
  64  4:41  SCV  
  64  4:44  Supply Depot  
  64  4:45  Marine  
  66  4:46  Barracks  
  66  4:47  Barracks  
  66  4:48  SCV x2  
  68  4:53  Refinery  
  68  4:56  Bunker  
  68  4:58  Bunker  
Tags
 
Add a new tag
Caveats
  • Supply blocks, unpowered buildings, or Contaminate may cause inaccurate times.
  • Supply counts are checked every 10 seconds.